 Dungeon Crawl Stone Soup version 0.25.1-2-g60ff931df9 (webtiles) character file.

Game seed: 9197153409058682767

113 Forgol the Cudgeler (level 4, -4/35 HPs)
             Began as a Mummy Fighter on Sept 10, 2020.
             Killed from afar by Robin (13 damage)
             ... with a puff of flame
             ... on level 2 of the Dungeon.
             The game lasted 00:03:28 (1669 turns).

Forgol the Cudgeler (Mummy Fighter)                 Turns: 1669, Time: 00:03:29

Health: -4/35      AC:  6    Str: 20    XL:     4   Next: 65%
Magic:  13/13      EV:  7    Int:  7    God:
Gold:   51         SH:  8    Dex: 11    Spells: 3/3 levels left

rFire    x . .     SeeInvis .   a - +0 flail
rCold    + . .     Gourm    .   c - +0 kite shield
rNeg     + + +     Faith    .   b - +0 scale mail
rPois    ∞         Spirit   .   (no helmet)
rElec    .         Reflect  .   (no cloak)
rCorr    .         Harm     .   (no gloves)
MR       .....                  (no boots)
Stlth    ..........             (no amulet)
HPRegen  0.11/turn              f - ring of magical power
MPRegen  0.13/turn              (no ring)

@: no status effects
A: no food or potions, fire vulnerability, cold resistance 1, negative energy
resistance 3, torment resistance, unbreathing
a: no special abilities


You were on level 2 of the Dungeon.
You were not hungry.

You visited 1 branch of the dungeon, and saw 2 of its levels.

You collected 51 gold pieces.

Inventory:

Hand Weapons
 a - a +0 flail (weapon)
Armour
 b - a +0 scale mail (worn)
 c - a +0 kite shield (worn)
Jewellery
 f - a ring of magical power (left hand)
Scrolls
 d - a scroll of identify
 e - 2 scrolls of remove curse
 g - a scroll of teleportation
 h - a scroll of enchant armour {unknown}
 i - a scroll of immolation {unknown}
 j - a scroll of magic mapping {unknown}


   Skills:
 - Level 3.0 Fighting
 + Level 4.1 Maces & Flails
 - Level 2.4 Armour
 - Level 2.4 Shields


You had 3 spell levels left.
You didn't know any spells.
Your spell library was empty.

Dungeon Overview and Level Annotations

Branches:
Dungeon (2/15)

Altars:

Annotations:
D:2 Robin


Innate Abilities, Weirdness & Mutations

You do not eat or drink.
Your flesh is vulnerable to fire.
You are immune to poison.
Your flesh is cold resistant. (rC+)
You are immune to negative energy. (rN+++)
You are immune to unholy pain and torment.
You can survive without breathing.


Message History

The hobgoblin barely misses you. Robin completely misses you.
The goblin hits you with a +0 club. The hobgoblin hits you with a +0 club.
Robin hits you with a +0 short sword.
Your shield and scale mail prevent you from hitting the goblin.
You block the goblin's attack. You block Robin's attack.
The hobgoblin hits you but does no damage.
You barely miss the goblin. The goblin hits you with a +0 club.
You block Robin's attack. You block the hobgoblin's attack.
You closely miss the goblin.
Robin zaps a wand.
You block the puff of flame. The goblin hits you with a +0 club.
The hobgoblin hits you with a +0 club.
You completely miss the goblin. You block the goblin's attack.
You block the hobgoblin's attack. Robin hits you with a +0 short sword.
The goblin closely misses you.
You barely miss the goblin.
The hobgoblin hits you but does no damage.
You block Robin's attack. The goblin hits you with a +0 club.
* * * LOW HITPOINT WARNING * * *
You closely miss the goblin. You block the hobgoblin's attack.
Robin zaps a wand.
The puff of flame hits you! The fire burns you terribly!
You die... ###......##..##.#+# # g.......###.#..... ....###.......# #.....†. #..gg.........####...... ..gg.###.g.....# #....†. g.g

###g.....[# #...###
#
#..g.###.......<...
#g#### #........###
#g@g.# #.##.....###
####.# # ...###.#..
#.#####.. .>#..
#....#########..
####.##....#....
#.##.##.#.###
#.........#
###########


You could see Robin, a hobgoblin (strong) and a goblin (strong).

Vanquished Creatures
  An orc priest (D:2)
  2 adders (D:2)
  A worm (D:2)
  3 dart slugs (D:1)
  A leopard gecko (D:2)
  2 orcs (D:2)
  5 giant cockroaches
  11 goblins
  4 hobgoblins
  6 kobolds (D:1)
  2 quokkas (D:2)
  4 bats
  4 frilled lizards
  2 rats (D:1)
48 creatures vanquished.

Notes
Turn   | Place    | Note
-------+----------+-------------------------------------------
     0 | D:1      | Forgol the Mummy Fighter began the quest for the Orb.
     0 | D:1      | Reached XP level 1. HP: 18/18 MP: 1/1
    35 | D:1      | Reached skill level 2 in Maces & Flails
    66 | D:1      | Reached XP level 2. HP: 21/24 MP: 2/2
   723 | D:1      | Reached XP level 3. HP: 27/29 MP: 3/3
  1104 | D:2      | Reached skill level 3 in Maces & Flails
  1321 | D:2      | Reached XP level 4. HP: 19/35 MP: 4/4
  1557 | D:2      | Reached skill level 4 in Maces & Flails
  1630 | D:2      | Noticed Robin
  1669 | D:2      | Killed from afar by Robin

Illustrated notes

Levels and vault maps discovered:
D:1:      dpeg_arrival_rooms_b, layout_basic
D:2:      layout_basic, minmay_fountain_box, uniq_robin

Skill      XL: |  1  2  3  4 |
---------------+-------------+-----
Maces & Flails | 2 3 4 |  4.1
Fighting       | |  3.0
Armour         | |  2.4
Shields        | |  2.4

Action                   |  1- 3 |  4- 6 || total
-------------------------+-------+-------++-------
Melee: Flail             |   119 |    54 ||   173
  Use: Scroll            |     3 |       ||     3
Armor: Scale mail        |    41 |    17 ||    58
Dodge: Dodged            |    39 |    18 ||    57
Block: Kite shield       |    62 |    25 ||    87
